 Dungeon Crawl Stone Soup version 0.24-a0-653-g3936067ed8 (webtiles) character file.

Game seed: 18210524868386840785, levelgen mode: deterministic

848 dirklance the Chopper (level 7, -1/62 HPs)
             Began as a Minotaur Monk on Sept 26, 2019.
             Was an Elder of Okawaru.
             Splashed by a jelly's acid (3 damage)
             ... on level 5 of the Dungeon on Sept 27, 2019.
             The game lasted 00:48:03 (3378 turns).

dirklance the Chopper (Minotaur Monk)               Turns: 3378, Time: 00:48:04

Health: -1/62      AC: -9    Str: 19    XL:     7   Next: 69%
Magic:  6/6        EV: 15    Int:  7    God:    Okawaru [****..]
Gold:   328        SH:  0    Dex: 13    Spells: 6/6 levels left

rFire    . . .     SeeInvis .   a - +3 hand axe
rCold    . . .     Gourm    .   (no shield)
rNeg     . . .     Faith    .   b - +1 robe
rPois    .         Spirit   .   (helmet restricted)
rElec    .         Reflect  .   (no cloak)
rCorr    .         Harm     .   (no gloves)
MR       .....                  (no boots)
Stlth    ++........             d - amulet of rage
HPRegen  0.20/turn              n - +2 ring of strength
MPRegen  0.10/turn              (no ring)

@: corroded, studying Stealth
A: retaliatory headbutt, horns 2
a: Heroism, Renounce Religion, Evoke Berserk Rage


You were on level 5 of the Dungeon.
You worshipped Okawaru.
Okawaru was greatly pleased with you.
You were hungry.

You visited 2 branches of the dungeon, and saw 6 of its levels.

You collected 328 gold pieces.

Inventory:

Hand Weapons
 a - a +3 hand axe (weapon)
 e - a +1 dagger of draining
 f - a +2 flail of holy wrath
 h - a +1 dagger of speed
 j - a +0 dagger of draining
 t - a +1 mace of protection
 v - a +1 halberd of protection
 w - a +0 battleaxe
Armour
 b - a +1 robe (worn)
 q - a +0 robe
Jewellery
 d - an amulet of rage (around neck)
 n - a +2 ring of strength (left hand)
 s - a +4 ring of protection
Wands
 p - a wand of paralysis (6)
Scrolls
 l - a scroll of immolation
Potions
 g - a potion of brilliance
 i - 2 potions of lignification
 k - a potion of mutation
 m - a potion of resistance
 o - a potion of heal wounds
Books
 u - a manual of Stealth
Comestibles
 c - 4 rations


   Skills:
 + Level 5.8 Fighting
 * Level 2.3 Short Blades
 + Level 6.9 Axes
 * Level 5.7 Dodging
 * Level 3.3 Stealth
 + Level 1.0 Evocations


You had 6 spell levels left.
You didn't know any spells.
Your spell library contained the following spells:

 Spells                   Type           Power        Failure   Level  Hunger
 Confusing Touch          Hex            #.....       43%         1    ##.....
 Magic Dart               Conj           #...         43%         1    ##.....
 Searing Ray              Conj           #.....       56%         2    ###....
 Confuse                  Hex            #.......     80%         3    ####...
 Dazzling Spray           Conj/Hex       #.....       80%         3    ####...
 Gell's Gravitas          Tloc           #.........   80%         3    ####...
 Force Lance              Conj/Tloc      #.......     99%         4    #####..
 Fulminant Prism          Conj/Hex       #.........   99%         4    #####..
 Iskenderun's Mystic Bla  Conj           #.......     99%         4    #####..
 Petrify                  Tmut/Erth      #.......     99%         4    #####..
 Metabolic Englaciation   Hex/Ice        #.........   100%        5    ######.
 Yara's Violent Unravell  Hex/Tmut       #.........   100%        5    ######.


Dungeon Overview and Level Annotations

Branches:
Dungeon (5/15)             Temple (1/1) D:5

Altars:
Ashenzari
Elyvilon
Fedhas
Gozag
Hepliaklqana
Kikubaaqudgha
Makhleb
Nemelex Xobeh
Okawaru
Qazlal
Ru
Sif Muna
Trog
Wu Jian
Xom
Yredelemnul
Zin
The Shining One


Innate Abilities, Weirdness & Mutations

You reflexively headbutt those who attack you in melee.
You have a pair of horns on your head.


Message History

You hit the jelly but do no damage.
Your hands burn!
The jelly is almost dead.
The jelly hits you. The acid corrodes you!
You are splashed with acid!
* * * LOW HITPOINT WARNING * * *
You hit the jelly but do no damage.
Your hands burn!
* * * LOW HITPOINT WARNING * * *
The jelly is almost dead.
The jelly jiggles.
The jelly hits you.
* * * LOW HITPOINT WARNING * * *
You are splashed with acid.
* * * LOW HITPOINT WARNING * * *
Unknown command.
You hit the jelly but do no damage.
Your hands burn!
* * * LOW HITPOINT WARNING * * *
The jelly is almost dead.
The jelly jiggles.
The jelly misses you.
You hit the jelly.
Your hands burn!
You die...

#........# #.###.##.# #.##..##.#
####.###.# #.....#.#
##.#####.###.########### #
..........>#.'.........# #
##.#####.###.#########.# # #.#.#
#.@...# #.# # #...# ###J###
#####.### ... #.'## #........ ...
##...## #.###.##. #.####
##.....## #.###.##. #.##.##
##.......###.#......
#####.#...####.........##.#....#.
...............................#.
#####.#.>.####.........##.#......


You could see a jelly.

Vanquished Creatures
  An ice beast (D:5)
  An ogre (D:5)
  A scorpion (D:4)
  2 howler monkeys
  A crimson imp (D:5)
  An orc priest (D:3)
  A bullfrog skeleton (D:5)
  2 hounds
  4 orc wizards
  2 worker ants
  4 gnolls (D:5)
  A howler monkey skeleton (D:5)
  5 adders
  A shadow imp (D:5)
  2 oozes (D:2)
  2 adder skeletons (D:5)
  A worm (D:2)
  A dart slug (D:1)
  3 leopard geckos
  19 orcs
  5 giant cockroaches
  6 goblins
  6 hobgoblins
  10 jackals
  7 kobolds
  3 quokkas
  A ball python (D:2)
  10 bats
  5 frilled lizards
  A leopard gecko zombie (D:5)
  6 rats
115 creatures vanquished.

Notes
Turn   | Place    | Note
-------+----------+-------------------------------------------
     0 | D:1      | dirklance the Minotaur Monk began the quest for the Orb.
     0 | D:1      | Reached XP level 1. HP: 19/19 MP: 0/0
   129 | D:1      | Reached XP level 2. HP: 26/27 MP: 1/1
   185 | D:1      | Reached skill level 4 in Axes
   751 | D:2      | Found a stormy altar of Qazlal.
   778 | D:2      | Reached XP level 3. HP: 33/33 MP: 2/2
   959 | D:2      | Reached XP level 4. HP: 35/40 MP: 3/3
  1084 | D:2      | Found a faded altar of an unknown god.
  1091 | D:2      | Became a worshipper of Warmaster Okawaru
  1091 | D:2      | Reached * piety under Okawaru
  1091 | D:2      | Reached ** piety under Okawaru
  1273 | D:3      | Reached skill level 5 in Axes
  1281 | D:3      | Reached *** piety under Okawaru
  1454 | D:3      | Reached XP level 5. HP: 47/47 MP: 4/4
  1591 | D:3      | Found an ancient bone altar of Kikubaaqudgha.
  2079 | D:4      | Reached skill level 1 in Short Blades
  2164 | D:4      | Found an iron altar of Okawaru.
  2246 | D:4      | Reached XP level 6. HP: 55/55 MP: 5/5
  2301 | D:4      | Reached skill level 5 in Fighting
  2301 | D:4      | Reached skill level 6 in Axes
  2602 | D:5      | Entered Level 5 of the Dungeon
  2665 | D:5      | Reached skill level 1 in Evocations
  2764 | D:5      | Reached **** piety under Okawaru
  2764 | D:5      | Reached skill level 5 in Dodging
  2845 | D:5      | Reached XP level 7. HP: 61/61 MP: 6/6
  2900 | D:5      | Found a staircase to the Ecumenical Temple.
  3248 | Temple   | Entered the Ecumenical Temple
  3376 | D:5      | HP: 3/62 [acid (6)]
  3378 | D:5      | Splashed by a jelly's acid

Levels and vault maps discovered:
D:1:      dpeg_arrival_another_circle, layout_loops_ring
D:2:      layout_rooms, chequers_ecumenical_altar_twisty, first_ration,
          nicolae_qazlal_general_emergency
D:3:      layout_rooms, kiku_gazebo_pond_becter, minmay_misc_feat_nine_boxes
D:4:      layout_gridville, kennysheep_little_box
D:5:      layout_loops_corners, minmay_temple_entry_glassed_door, basic_altar,
          minmay_manual_monstrance
Temple:   kb_temple_of_zot

Skill      XL: |  1  2  3  4  5  6  7 |
---------------+----------------------+-----
Axes           | 4 5 6 |  6.9
Fighting       | 4 5 |  5.8
Dodging        | 4 5 |  5.7
Stealth        | 2 3 |  3.3
Short Blades   | 1 2 |  2.3
Evocations     | 1 |  1.0

Action                   |  1- 3 |  4- 6 |  7- 9 || total
-------------------------+-------+-------+-------++-------
Melee: Hand axe          |    59 |   139 |    73 ||   271
       Headbutt          |     8 |    24 |    14 ||    46
Evoke: Wand              |       |     3 |       ||     3
  Use: Scroll            |     4 |    10 |     2 ||    16
       Potion            |     1 |     8 |       ||     9
 Stab: Sleeping          |     3 |     2 |     2 ||     7
  Eat: Chunk             |       |     3 |     1 ||     4
       Ration            |       |     1 |       ||     1
Armor: Robe              |     9 |    18 |     5 ||    32
Dodge: Dodged            |    39 |    85 |    49 ||   173

Table legend:
 A = Non-vault XP
 B = Vault XP
 C = Vault XP percentage of total XP
 D = Non-vault monster count
 E = Vault monster count
 F = Vault count percentage of total count
                 A         B        C        D         E       F
            +---------+---------+-------+---------+---------+-------
      Total |    1168 |      44 |   3.6 |     113 |       2 |   1.7
            +---------+---------+-------+---------+---------+-------
        D:1 |      36 |       0 |   0.0 |      19 |       0 |   0.0
        D:2 |      80 |       0 |   0.0 |      25 |       0 |   0.0
        D:3 |      94 |       0 |   0.0 |      20 |       0 |   0.0
        D:4 |     329 |       0 |   0.0 |      23 |       0 |   0.0
        D:5 |     629 |      44 |   6.5 |      26 |       2 |   7.1
            +---------+---------+-------+---------+---------+-------
